 Dungeon Crawl Stone Soup version 0.31.0-4-g52a2dc7128 (webtiles) character file.

Game seed: 2343293601751325255

611365 inmateoo the Axe Maniac (level 26, -5/275 (286) HPs)
             Began as a Minotaur Fighter on Jan 21, 2024.
             Was the Champion of Okawaru.
             Slain by a goliath frog (26 damage)
             ... spawned from a protean progenitor
             ... on level 4 of the Realm of Zot on Jan 22, 2024.
             The game lasted 01:20:28 (57770 turns).

inmateoo the Axe Maniac (Minotaur Fighter)         Turns: 57770, Time: 01:20:28

HP:   -5/275 (286)  AC: 48    Str: 28    XL:     26   Next: 77%
MP:   29/29         EV: 16    Int: 11    God:    Okawaru [******]
Gold: 8057          SH: 30    Dex: 15    Spells: 25/25 levels left

rFire   + + +        b - +10 broad axe of the Loving Gods {drain, rPois rF++ Will- rCorr}
rCold   + . .        p - +1 tower shield {rC+}
rNeg    + . .        j - +8 orange crystal plate armour {Archmagi, Int+3 Clar}
rPois   +            D - +0 hat "Earthly Heaven" {rN+ Int+3 Dex+2 SInv}
rElec   +            I - +2 cloak {Will+}
rCorr   +            P - +2 pair of gloves of Egalitarianism {rF++ rCorr}
SInv    +            x - +1 pair of boots of Happy Babbling {-Cast rF++ Slay+2}
Will    ++++.        l - amulet of Pieni {Reflect Will+ rCorr SH+5} Stlth
                     B - ring of Curiosity {Fly rElec Will+ Stlth+}
HPRegen 0.65/turn    h - ring of willpower
MPRegen 0.21/turn

%: no spellcasting, reflection, clarity, archmagi
@: flying, very slightly contaminated, studying Ranged Weapons, lightly drained
A: horns 2, retaliatory headbutt, robust 1, weak 1
}: 3/15 runes: serpentine, barnacled, silver
a: Renounce Religion, Heroism, Finesse, Duel


You were on level 4 of the Realm of Zot.
You worshipped Okawaru.
Okawaru was exalted by your worship.
You visited 11 branches of the dungeon, and saw 48 of its levels.
You visited 1 bazaar.
You also visited: Bailey, Gauntlet, Ice Cave and Desolation.

You collected 10913 gold pieces.
You spent 2856 gold pieces at shops.

Inventory:

Hand Weapons
 a - a +9 heavy broad axe
 b - the +10 broad axe of the Loving Gods (weapon) {drain, rPois rF++ Will- rCorr}
   (Okawaru gifted it to you on level 2 of the Lair of Beasts)

   rF++:      It greatly protects you from fire.
   rPois:     It protects you from poison Will-: It decreases your willpower.
   rCorr:     It protects you from acid and corrosion.
 N - a +7 spectral broad axe
Missiles
 z - 9 throwing nets
 C - 33 silver javelins (quivered)
Armour
 j - the +8 orange crystal plate armour (worn) {Archmagi, Int+3 Clar}
   (Okawaru gifted it to you on level 2 of the Lair of Beasts)

   Int+3:     It affects your intelligence (+3).
   Clar:      It protects you from confusion, rage, mesmerisation and fear.
 p - a +1 tower shield of cold resistance (worn)
 x - the +1 pair of boots of Happy Babbling (worn) {-Cast rF++ Slay+2}
   (You bought it in a shop on level 3 of the Snake Pit)

   Slay+2:    It affects your accuracy & damage with ranged weapons and melee
   (+2).
   rF++:      It greatly protects you from fire.
   -Cast:     It prevents spellcasting.
 A - +5 gold dragon scales
 D - the +0 hat "Earthly Heaven" (worn) {rN+ Int+3 Dex+2 SInv}
   (You found it on level 5 of the Lair of Beasts)

   Int+3:     It affects your intelligence (+3).
   Dex+2:     It affects your dexterity (+2).
   rN+:       It protects you from negative energy.
   SInv:      It lets you see invisible.
 I - a +2 cloak of willpower (worn)
 P - the +2 pair of gloves of Egalitarianism (worn) {rF++ rCorr}
   (You found it on level 3 of the Elven Halls)

   rF++:      It greatly protects you from fire.
   rCorr:     It protects you from acid and corrosion.
Jewellery
 h - a ring of willpower (right hand)
 l - the amulet of Pieni (around neck) {Reflect Will+ rCorr SH+5}
   (You found it in an ice cave)

   [amulet of reflection]

   Reflect:   It reflects blocked missile attacks.
   Will+:     It increases your willpower.
   rCorr:     It protects you from acid and corrosion.
   SH+5:      It affects your SH (+5).
 q - an amulet of regeneration
 r - the ring of Alentuan {Fire rN++ Will++ Dex-5}
   (You found it in a Gauntlet)

   [ring of fire]

   Fire:      It enhances your fire magic.
   Dex-5:     It affects your dexterity (-5).
   rF+:       It protects you from fire.
   rC-:       It makes you vulnerable to cold.
   rN++:      It greatly protects you from negative energy.
   Will++:    It greatly increases your willpower.
 v - a ring of magical power
 B - the ring of Curiosity (left hand) {Fly rElec Will+ Stlth+}
   (You found it on level 2 of the Elven Halls)

   [ring of flight]

   rElec:     It insulates you from electricity.
   Will+:     It increases your willpower.
   Fly:       It grants you flight.
   Stlth+:    It makes you more stealthy.
 E - a ring of protection from cold
Wands
 f - a wand of roots (60)
 o - a wand of paralysis (52)
 t - a wand of mindburst (78)
 J - a wand of quicksilver (24)
 M - a wand of digging (17)
Scrolls
 k - 29 scrolls of teleportation
 m - 40 scrolls of identify
 n - 11 scrolls of immolation
 y - 5 scrolls of blinking
 L - 10 scrolls of fog
 O - 12 scrolls of fear
 S - 4 scrolls of silence
 T - a scroll of revelation
Potions
 c - 7 potions of cancellation
 d - 7 potions of might
 e - 22 potions of curing
 g - 13 potions of heal wounds
 i - 10 potions of enlightenment
 s - 6 potions of haste
 u - 4 potions of magic
 w - 7 potions of mutation
 F - 6 potions of brilliance
 H - 8 potions of ambrosia
 U - 4 potions of invisibility
 W - 4 potions of resistance
 Y - 4 potions of berserk rage


   Skills:
 + Level 25.9 Fighting
 O Level 27 Axes
 + Level 16.8 Throwing
 + Level 24.4 Armour
 + Level 22.2 Dodging
 + Level 24.2 Shields
 - Level 10.0 Invocations


You had 25 spell levels left.
You didn't know any spells.
Your spell library contained the following spells:

 Spells                   Type           Power      Damage    Failure   Level
 Freeze                   Ice            0%         1d3       97%         1
 Necrotise                Necr           0%         1d4       97%         1
 Shock                    Conj/Air       0%         1d3       97%         1
 Slow                     Hex            0%         N/A       97%         1
 Blink                    Tloc           0%         N/A       99%         2
 Cigotuvi's Dreadful Rot  Necr/Alch/Air  0%         N/A       99%         2
 Lesser Beckoning         Tloc           0%         N/A       99%         2
 Mercury Vapours          Alch/Air       0%         N/A       99%         2
 Momentum Strike          Conj/Tloc      0%         3d8       99%         2
 Scorch                   Fire           0%         2d5       99%         2
 Sublimation of Blood     Necr           0%         N/A       99%         2
 Confusing Touch          Hex            0%         N/A       100%        3
 Dazzling Flash           Conj/Hex       0%         N/A       100%        3
 Frozen Ramparts          Ice            0%         1d1       100%        3
 Gell's Gravitas          Tloc           0%         N/A       100%        3
 Hailstorm                Conj/Ice       0%         3d5       100%        3
 Inner Flame              Hex/Fire       0%         N/A       100%        3
 Mephitic Cloud           Conj/Alch/Air  0%         N/A       100%        3
 Sigil of Binding         Hex            0%         N/A       100%        3
 Swiftness                Air            0%         N/A       100%        3
 Teleport Other           Tloc           0%         N/A       100%        3
 Vampiric Draining        Necr           0%         2d6       100%        3
 Volatile Blastmotes      Fire/Tloc      0%         2d10      100%        3
 Airstrike                Air            0%         2d(0-16)  100%        4
 Brom's Barrelling Bould  Conj/Erth      0%         2d3       100%        4
 Dimensional Bullseye     Hex/Tloc       0%         N/A       100%        4
 Dispel Undead            Necr           0%         3d6       100%        4
 Flame Wave               Conj/Fire      0%         2d4       100%        4
 Fulminant Prism          Conj/Alch      0%         3d5       100%        4
 Iskenderun's Mystic Bla  Conj/Tloc      0%         2d3       100%        4
 Olgreb's Toxic Radiance  Alch           0%         N/A       100%        4
 Petrify                  Alch/Erth      0%         N/A       100%        4
 Sticky Flame             Fire/Alch      0%         2d4       100%        4
 Vhi's Electric Charge    Tloc/Air       0%         N/A       100%        4
 Alistair's Intoxication  Alch           0%         N/A       100%        5
 Arcjolt                  Conj/Air       0%         1d10      100%        5
 Borgnjor's Vile Clutch   Necr/Erth      0%         N/A       100%        5
 Curse of Agony           Necr           0%         N/A       100%        5
 Fireball                 Conj/Fire      0%         3d3       100%        5
 Freezing Cloud           Conj/Ice/Air   0%         6-21      100%        5
 Irradiate                Conj/Alch      0%         3d11      100%        5
 Iskenderun's Battlesphe  Conj           0%         2d6       100%        5
 Lee's Rapid Deconstruct  Erth           0%         3d4*      100%        5
 Conjure Ball Lightning   Conj/Air       0%         3x3d6     100%        6
 Eringya's Noxious Bog    Alch           0%         4d6       100%        6
 Plasma Beam              Fire/Air       0%         2x1d10    100%        6
 Starburst                Conj/Fire      0%         6d3       100%        6
 Orb of Destruction       Conj           0%         9d5       100%        7
 Ozocubu's Refrigeration  Ice            0%         4d7       100%        7
 Discord                  Hex            0%         N/A       100%        8
 Disjunction              Tloc           0%         N/A       100%        8
 Maxwell's Capacitive Co  Air            0%         ∞         100%        8
 Summon Small Mammal      Summ           Unusable   N/A       N/A         1
 Call Canine Familiar     Summ           Unusable   N/A       N/A         3
 Animate Armour           Summ/Erth      Unusable   N/A       N/A         4
 Martyr's Knell           Necr/Summ      Unusable   N/A       N/A         4
 Summon Blazeheart Golem  Fire/Summ      Unusable   N/A       N/A         4
 Summon Lightning Spire   Summ/Air       Unusable   N/A       N/A         4
 Death Channel            Necr           Unusable   N/A       N/A         6
 Summon Cactus Giant      Summ           Unusable   N/A       N/A         6
 Spellforged Servitor     Conj/Summ      Unusable   N/A       N/A         7

Dungeon Overview and Level Annotations

Branches:
Dungeon (15/15)            Temple (1/1) D:7            Lair (5/5) D:11
 Shoals (4/4) Lair:2        Snake (4/4) Lair:2        Slime (0/5) Lair:4
    Orc (2/2) D:12            Elf (3/3) Orc:2        Vaults (5/5) D:14
  Crypt (1/3) Vaults:3     Depths (4/4) D:15            Zot (4/5) Depths:4
 Bailey (visited)           IceCv (visited)         Desolation (visited)
Gauntlet (visited)

Altars:
Ashenzari
Cheibriados
Dithmenos
Elyvilon
Fedhas
Gozag
Hepliaklqana
Kikubaaqudgha
Makhleb
Nemelex Xobeh
Okawaru
Qazlal
Ru
Sif Muna
Trog
Uskayaw
Vehumet
Wu Jian
Xom
Yredelemnul
Zin
The Shining One
Jiyva

Shops:
D:4 [   D:9 (   D:13 *[   D:15 [(**   Orc:2 *[[(   Elf:3 [*   Shoals:1 *
Snake:3 ![!!   Vaults:3 *(   Depths:1 [

Portals:
Hell: Depths:1 Depths:2 Depths:3 Depths:4
Abyss: Depths:3
Pandemonium: Depths:2 Depths:3
Ziggurat: Depths:4

Annotations:
Snake:1 2 transporters, sleeves's ghost, adept BaSu
Elf:2 2 runed translucent doors


Innate Abilities, Weirdness & Mutations

You have a pair of horns on your head.
You reflexively headbutt those who attack you in melee.
You are robust. (+10% HP)
You are weak. (Str -2)


Message History

You block the goliath frog's attack.
You feel much better. The goliath frog completely misses you.
You block the goliath frog's attack.
The curse toe gestures.
You block the deathcap's attack.
The wandering mushroom releases spores at you but does no damage.
You block the deathcap's attack.
You block the wandering mushroom's attack.
The deathcap releases spores at you but does no damage.
The goliath frog misses you. The goliath frog barely misses you.
You slice the curse toe!!
The curse toe is severely damaged.
You slash the deathcap! You slice the wandering mushroom!!
You slash the deathcap! You hit the deathcap. You slice the deathcap!!
You destroy the deathcap!
The deathcap disappears in a puff of smoke!
You hit the wandering mushroom. You block the goliath frog's attack.
The curse toe calls on the powers of darkness!
Your body is wracked with pain!
* * * LOW HITPOINT WARNING * * *
The shadow dragon convulses!
The goliath frog convulses! x2
The wandering mushroom misses you. You furiously retaliate!
You headbutt the wandering mushroom! You block the deathcap's attack. x2
You block the goliath frog's attack. The wandering mushroom misses you.
Blink to where?
Press: ? - help, Dir - move target, p - curse toe
As you read the scroll of blinking, it crumbles to dust.
Blink to where?
Press: ? - help, Dir - move target
As you read the scroll of blinking, it crumbles to dust.
There is a broken gate here.
The goliath frog attacks as it pursues you!
You block the goliath frog's attack. The goliath frog hits you from afar!!
* * * LOW HITPOINT WARNING * * *
You are splashed with acid.
You resist.
* * * LOW HITPOINT WARNING * * *
You are no longer corroded.
The goliath frog attacks as it pursues you!
The goliath frog hits you from afar!!
You die...

#†................#,,.##..##.[)#.
'.........##......##,.#.8.##<.)#.
#..........#.......#,.##..##.....
#####..............##.##.....(...
*#..'''....F........#"##8.#......
,#.....##.....#.....####..###.##.
,#.8..##.##...##.....###..###.##.
,#....##..'''.F.......##..###....
,#..8.##.....##.@.....##..###....
*#....##..8....##.....'...###....
*###..##........##....'...# #.##.
#################''#...###.##.
####################...8..##...#)
..##........8..8..........##...#.
..##...............)......##...#.
..##...#.#...######......###...#.
..!..............))<....[.##...#.


You could see 2 goliath frogs.

Vanquished Creatures
  A dread lich (Vaults:5)
  3 ancient liches (Vaults:5)
  2 orbs of fire
  Mara (Vaults:4)
  A juggernaut (Depths:4)
  Boris (twice) (Depths:2 Vaults:4)
  Bai Suzhen (Shoals:4)
  2 Killer Klowns (Zot:2)
  11 caustic shrikes
  A curse toe (Zot:3)
  9 golden dragons
  The ghost of Plog the Warrior, an adept DgCj (Depths:1)
  Nikola (Vaults:3)
  A hellephant (Elf:2)
  2 electric golems
  19 tentacled monstrosities
  Rupert (D:12)
  A walking earthen tome (Depths:4)
  4 liches
  A walking divine tome (Depths:4)
  Asterion (Snake:2)
  2 deep elf blademasters (Elf:3)
  Mlioglotl (Shoals:1)
  5 titans
  2 deep elf master archers (Elf:3)
  2 walking frostbound tomes
  A kraken (Shoals:4)
  6 quicksilver dragons
  7 death cobs
  3 sphinxes
  6 tengu reavers
  16 shadow dragons
  Kirke (D:15)
  11 storm dragons
  Aizul (Snake:2)
  3 nagarajas (Snake:4)
  A revenant (Crypt:1)
  A rockslime (IceCv)
  3 azure jellies (IceCv)
  Roxanne (Shoals:4)
  3 draconian knights
  2 protean progenitors
  8 fire giants
  9 frost giants
  The ghost of Jeffwins the Severer, a journeyman OnMo of Okawaru (Orc:2)
  6 draconian monks
  An iron dragon (Depths:4)
  2 emperor scorpions (Zot:1)
  7 deep elf sorcerers
  3 draconian shifters
  4 draconian scorchers
  5 ghost moths
  3 draconian stormcallers
  A ghoul (Crypt:1)
  2 imperial myrmidons (Desolation)
  A juggernaut zombie (Crypt:1)
  20 vault wardens
  A reaper (Gauntlet)
  6 quicksilver oozes (IceCv)
  A curse skull (Crypt:1)
  5 deep elf elementalists (Elf:3)
  4 orc warlords
  18 ironbound preservers
  3 draconian annihilators
  A juggernaut skeleton (Depths:2)
  A formless jellyfish (Vaults:2)
  4 spriggan defenders
  17 stone giants
  5 ironbound thunderhulks
  34 very ugly things
  Nessos (D:15)
  11 black draconians
  9 deep elf annihilators
  6 vampire knights
  2 elemental wellsprings (Shoals:3)
  2 lorocyprocas (Depths:1)
  7 war gargoyles
  8 green draconians
  5 deep elf demonologists
  4 white draconians
  4 deep elf death magi
  7 yellow draconians
  7 spark wasps
  13 red draconians
  A minotaur (Gauntlet)
  3 dire elephants (Vaults:2)
  2 halazid warlocks (Desolation)
  4 purple draconians
  21 ettins
  4 merfolk impalers
  7 crystal guardians
  An entropy weaver (Vaults:2)
  5 fire dragons
  2 merfolk javelineers (Shoals:4)
  The ghost of Ukhluk the Grappler, a journeyman TrMo of Wu Jian (D:10)
  A green death (Depths:3)
  2 jiangshi (Depths:2)
  9 ragged hierophants (Desolation)
  24 yaktaur captains
  5 great orbs of eyes
  A rakshasa (Depths:2)
  2 deep elf high priests (Elf:3)
  5 hydras
  43 vault guards
  Erolcha (D:10)
  5 spriggan air magi
  6 ice dragons
  5 ogre magi
  A spriggan skeleton (Crypt:1)
  7 salamander tyrants
  7 ironbound frosthearts
  19 anacondas
  A radroach (shapeshifter) (Elf:2)
  4 merfolk avatars
  13 peacekeepers
  9 servants of whispers (Desolation)
  A juggernaut simulacrum (Depths:2)
  26 centaur warriors
  An anaconda (shapeshifter) (Elf:2)
  3 catoblepae
  Erica (D:8)
  2 alligator snapping turtles (Shoals:1)
  8 satyrs
  32 dancing weapons
  6 merfolk aquamancers
  5 boulder beetles
  A fenstrider witch skeleton (Crypt:1)
  14 deep troll shamans
  14 two-headed ogres
  A two-headed ogre (shapeshifter) (Elf:2)
  2 vampire magi (Depths:2)
  3 tengu warriors
  A bennu skeleton (Crypt:1)
  3 occultists
  9 shock serpents
  11 death yaks
  Urug (Lair:2)
  19 naga warriors
  21 deep elf knights
  19 hell knights
  7 spriggan berserkers
  9 deep troll earth magi
  4 naga sharpshooters
  A soul eater (D:11)
  5 spriggans
  Sonja (Lair:2)
  2 alligators (shapeshifter)
  Amaemon (Lair:2)
  A storm dragon zombie (Crypt:1)
  9 salamander mystics
  An anaconda zombie (Crypt:1)
  A sixfirhy (Depths:3)
  2 skysharks (shapeshifter) (Vaults:5)
  7 skysharks
  10 skeletal warriors
  4 iron trolls
  A swamp dragon (Lair:5)
  19 sea snakes
  A shadow demon (Depths:3)
  3 glowing orange brains
  2 golden dragon skeletons
  A storm dragon skeleton (Depths:2)
  6 mana vipers
  A swamp dragon (shapeshifter) (Vaults:5)
  72 deep trolls
  2 flayed ghosts
  8 arcanists
  14 lindwurms
  5 naga ritualists
  17 deep elf archers
  2 glowing orange brains (shapeshifter)
  2 orange crystal statues (IceCv)
  25 harpies
  6 necromancers
  27 ironbound convokers
  An eye of devastation (shapeshifter) (Elf:2)
  23 deep elf zephyrmancers
  12 orc knights
  A shining eye (shapeshifter) (Depths:2)
  4 phantasmal warriors
  A tengu skeleton (Vaults:5)
  32 deep elf pyromancers
  An ugly thing (shapeshifter) (Elf:2)
  37 ugly things
  A frost giant zombie (Crypt:1)
  A moth of wrath (shapeshifter) (Vaults:5)
  2 wolf spiders
  A glowing shapeshifter (Depths:4)
  31 fauns
  5 orc sorcerers
  9 cyclopes
  10 manticores
  2 kobold blastminers (Orc:2)
  5 elephants (Lair:5)
  A manticore (shapeshifter) (Vaults:5)
  22 salamanders
  2 apocalypse crabs (Elf:2)
  Joseph (D:8)
  8 merfolk sirens
  18 moths of wrath
  A black mamba (shapeshifter) (D:15)
  A mana viper (shapeshifter) (Elf:2)
  2 torpor snails
  16 guardian serpents
  23 naga magi
  A centaur skeleton (Crypt:1)
  11 water nymphs
  32 black mambas
  5 molten gargoyles (Desolation)
  13 vault sentinels
  2 orange demons
  3 smoke demons
  A gargoyle (D:12)
  11 cane toads
  Maggie (D:10)
  7 rime drakes
  4 kobold demonologists
  50 yaktaurs
  10 komodo dragons
  5 freezing wraiths
  A grey draconian zombie (Crypt:1)
  2 efreet
  A bunyip simulacrum (Crypt:1)
  A tengu conjurer (Depths:2)
  A merfolk (shapeshifter) (Vaults:5)
  2 red devils
  2 hellwings (Gauntlet)
  18 merfolk
  3 polar bears
  5 wind drakes
  12 trolls
  80 saltlings (Desolation)
  26 dream sheep
  9 blink frogs
  2 glass eyes (Depths:4)
  9 hornets
  10 snapping turtles
  A snapping turtle (shapeshifter) (Depths:4)
  An air elemental (Elf:3)
  49 slime creatures
  2 shadows
  A centaur simulacrum (D:10)
  A satyr skeleton (Crypt:1)
  9 water elementals
  A human (D:15)
  A wraith (D:14)
  16 wyverns
  8 fire elementals
  27 yaks
  4 wargs
  8 basilisks
  2 hogs (D:15)
  5 redbacks
  4 steam dragons
  10 vampire mosquitoes
  4 chaos spawn
  Grum (Bailey)
  58 nagas
  A glowing shapeshifter zombie (Vaults:5)
  A water nymph zombie (Crypt:1)
  3 great orb of eyes simulacra (IceCv)
  2 acid dragons
  A culicivora (shapeshifter) (Elf:2)
  An ogre skeleton (Vaults:5)
  20 water moccasins
  2 swamp drakes (Lair:5)
  A meliai simulacrum (D:10)
  11 laughing skulls
  24 orc warriors
  5 ice beasts
  An ogre (shapeshifter) (D:15)
  11 centaurs
  A boggart (Elf:1)
  19 wolves
  A black bear (D:7)
  A human skeleton (Vaults:5)
  30 ogres
  2 phantoms
  5 kobold brigands
  5 bullfrogs
  A scorpion (D:5)
  12 gnoll sergeants
  4 earth elementals
  6 glowing shapeshifter simulacra (IceCv)
  3 necrophages
  A water moccasin zombie (Crypt:1)
  6 wights
  A wyvern skeleton (Crypt:1)
  A human simulacrum (Vaults:5)
  12 killer bees (D:9)
  2 howler monkeys
  A centaur zombie (Crypt:1)
  A bullfrog zombie (D:4)
  7 crimson imps (Gauntlet)
  A human zombie (D:4)
  5 jellies
  A hound (shapeshifter) (Elf:3)
  3 bombardier beetles
  7 gnoll boudas
  7 hounds
  A sleepcap (D:5)
  14 orc priests
  11 iguanas
  Jessica (D:3)
  3 scorpion zombies (D:4)
  16 orc wizards
  Natasha (thrice) (D:4)
  A hound zombie (D:4)
  2 mummies (D:4)
  A howler monkey zombie (D:4)
  32 gnolls
  11 adders
  A shadow imp (Gauntlet)
  2 white imps (D:10)
  An ufetubus (D:6)
  An adder zombie (D:4)
  2 dart slugs
  2 ribbon worms
  77 orcs
  5 ball pythons
  3 bats
  9 endoplasms
  A giant cockroach (D:2)
  6 goblins
  6 hobgoblins
  3 jackals (D:2)
  A quokka (D:1)
  2 frilled lizards
  A gnoll zombie (Crypt:1)
  13 kobolds
  5 rats
  3 spectral weapons
  2 tentacles (Shoals:4)
2406 creatures vanquished.

Vanquished Creatures (others)
  A frost giant (Depths:4)
  A draconian stormcaller (Zot:2)
  A draconian annihilator (Zot:2)
  2 ironbound preservers (Vaults:5)
  A merfolk javelineer (Shoals:4)
  A deep elf pyromancer (Elf:2)
  A necromancer (Crypt:1)
  An orc knight (Vaults:2)
  A sphinx simulacrum (D:15)
  A black mamba (Snake:1)
  A tengu conjurer (Depths:2)
  A yaktaur (Vaults:3)
  A saltling (Desolation)
  A boggart (Elf:1)
  5 tentacles (Shoals:4)
20 creatures vanquished.

Grand Total: 2426 creatures vanquished

Notes
Turn   | Place    | Note
-------+----------+-------------------------------------------
     0 | D:1      | inmateoo the Minotaur Fighter began the quest for the Orb.
     0 | D:1      | Reached XP level 1. HP: 19/19 MP: 0/0
   176 | D:1      | Reached XP level 2. HP: 27/27 MP: 1/1
   517 | D:1      | Reached skill level 3 in Axes
  1008 | D:2      | Reached skill level 1 in Dodging
  1008 | D:2      | Reached XP level 3. HP: 19/33 MP: 2/2
  1394 | D:2      | Found a hide-covered altar of Uskayaw.
  1574 | D:3      | Noticed Jessica
  1577 | D:3      | Killed Jessica
  1578 | D:3      | Reached XP level 4. HP: 40/40 MP: 3/3
  1610 | D:3      | Found an opulent altar of Gozag.
  1757 | D:3      | Reached skill level 4 in Axes
  1941 | D:3      | Reached XP level 5. HP: 47/47 MP: 4/4
  2135 | D:3      | Noticed an ogre
  2144 | D:3      | Killed an ogre
  2580 | D:4      | Reached XP level 6. HP: 50/53 MP: 5/5
  2660 | D:4      | Reached skill level 5 in Axes
  2819 | D:4      | Noticed Natasha
  2825 | D:4      | Killed Natasha
  2872 | D:4      | Noticed Natasha
  2880 | D:4      | Killed Natasha
  2881 | D:4      | Reached skill level 5 in Fighting
  2944 | D:4      | Reached skill level 5 in Armour
  3199 | D:4      | Reached skill level 5 in Shields
  3199 | D:4      | Reached XP level 7. HP: 39/61 MP: 6/6
  3203 | D:4      | Reached skill level 6 in Axes
  3208 | D:4      | Noticed Natasha
  3316 | D:4      | Killed Natasha
  3330 | D:4      | Found Qejayst's Armour Shop.
  3372 | D:4      | Bought a +0 pair of gloves for 45 gold pieces
  3521 | D:4      | Found a basalt altar of Yredelemnul.
  3618 | D:4      | Reached XP level 8. HP: 65/70 MP: 7/7
  3752 | D:5      | Entered Level 5 of the Dungeon
  3757 | D:5      | Reached skill level 7 in Axes
  3962 | D:5      | Found a burning altar of Makhleb.
  4082 | D:5      | Reached skill level 8 in Axes
  4761 | D:4      | Bought a +2 hat for 160 gold pieces
  4852 | D:6      | Reached skill level 5 in Dodging
  4857 | D:6      | Reached XP level 9. HP: 18/75 MP: 8/8
  5218 | D:6      | Reached skill level 9 in Axes
  5382 | D:6      | Found a stormy altar of Qazlal.
  5435 | D:6      | Found the +1 robe of Vines {NoPotionHeal Regen++++}
  5790 | D:7      | Found a flagged portal.
  5809 | D:7      | Reached skill level 10 in Axes
  5822 | Bailey   | Entered a bailey
  6394 | Bailey   | Noticed Grum
  6411 | Bailey   | Killed Grum
  6665 | Bailey   | Reached XP level 10. HP: 66/83 MP: 6/9
  6686 | Bailey   | Reached skill level 11 in Axes
  7110 | D:7      | Found a staircase to the Ecumenical Temple.
  7115 | D:7      | Found an ancient bone altar of Kikubaaqudgha.
  7514 | D:7      | You fall into a shaft and drop 1 floor!
  7516 | D:8      | Noticed Erica
  7519 | D:8      | Paralysed by Erica for 2 turns
  7541 | D:8      | Killed Erica
  7783 | Temple   | Entered the Ecumenical Temple
  7797 | Temple   | Became a worshipper of Warmaster Okawaru
  7865 | D:8      | Noticed Joseph
  7874 | D:8      | Killed Joseph
  7875 | D:8      | Reached skill level 1 in Invocations
  7961 | D:8      | Identified the amulet "Ohownov" {Acrobat *Slow Regen+ Dex-4
                  | Slay+4}
  8034 | D:8      | Found a white marble altar of Elyvilon.
  8237 | D:8      | Found a snail-covered altar of Cheibriados.
  8336 | D:9      | Reached skill level 12 in Axes
  8336 | D:9      | Reached * piety under Okawaru
  8421 | D:9      | Identified the +11 mace "Zon Peve" {holy, ^Drain rElec rC+
                  | Dex+3}
  8496 | D:9      | Reached ** piety under Okawaru
  8550 | D:9      | Reached XP level 11. HP: 68/91 MP: 8/11
  8657 | D:9      | Noticed a two-headed ogre
  8668 | D:9      | Killed a two-headed ogre
  8668 | D:9      | Reached *** piety under Okawaru
  8856 | D:9      | Found Vigom's Antique Weapon Shoppe.
  9300 | D:10     | Entered Level 10 of the Dungeon
  9315 | D:10     | Found a shimmering altar of Xom.
  9496 | D:10     | Noticed Erolcha
  9520 | D:11     | Found a gate leading to a gauntlet.
  9542 | D:11     | Reached skill level 13 in Axes
  9568 | Gauntlet | Entered a Gauntlet
  9568 | Gauntlet | Found a transporter.
  9568 | Gauntlet | Found a transporter.
  9629 | Gauntlet | Found a transporter.
  9630 | Gauntlet | Found a transporter.
  9633 | Gauntlet | Found a transporter.
  9641 | Gauntlet | Found a transporter.
  9642 | Gauntlet | Found a transporter.
  9643 | Gauntlet | Found a transporter.
  9644 | Gauntlet | Found a transporter.
  9650 | Gauntlet | Noticed a reaper
  9651 | Gauntlet | Noticed a death drake
  9653 | Gauntlet | Found a transporter.
  9653 | Gauntlet | Found a transporter.
  9704 | Gauntlet | Found a transporter.
  9865 | Gauntlet | Reached skill level 10 in Armour
  9944 | Gauntlet | Killed a reaper
  9944 | Gauntlet | Reached **** piety under Okawaru
  9945 | Gauntlet | Reached skill level 10 in Shields
  9959 | Gauntlet | Identified the ring of Alentuan {Fire rN++ Will++ Dex-5}
 10184 | Gauntlet | Identified the ring of the Water Diviner {rF- MP-9 EV+5
                  | Str+5 SInv}
 10184 | Gauntlet | Noticed a minotaur
 10202 | Gauntlet | Killed a minotaur
 10449 | D:11     | Reached ***** piety under Okawaru
 10465 | D:10     | Killed Erolcha
 10608 | D:10     | Noticed a three-headed hydra
 10615 | D:10     | Killed a one-headed hydra
 10616 | D:10     | Reached XP level 12. HP: 78/102 MP: 10/14
 10706 | D:10     | Noticed Maggie
 10719 | D:10     | Killed Maggie
 10749 | D:10     | Found a runed translucent gate.
 10749 | D:10     | Found a runed translucent gate.
 10749 | D:10     | Found a runed translucent gate.
 10776 | D:10     | Found a hazy altar of Hepliaklqana.
 10831 | D:10     | Reached skill level 14 in Axes
 10838 | D:10     | Found a shimmering blue altar of Sif Muna.
 10940 | D:10     | Noticed Ukhluk's ghost (journeyman TrMo)
 11181 | D:10     | Identified a scroll of acquirement
 11181 | D:10     | Acquired a +1 cloak of willpower
 11409 | D:10     | Killed Ukhluk's ghost
 11409 | D:10     | Received a gift from Okawaru
 11436 | D:10     | Identified the amulet of Lumeown {Spirit Rampage *Slow
                  | Dex+3 SInv}
 11706 | D:11     | Found a glowing golden altar of the Shining One.
 11854 | D:11     | Reached skill level 5 in Invocations
 11904 | D:11     | Found a staircase to the Lair.
 12150 | D:12     | Noticed a boulder beetle
 12265 | D:11     | Received a gift from Okawaru
 12408 | D:11     | Killed a boulder beetle
 12618 | D:12     | Reached skill level 15 in Axes
 12642 | D:12     | Found a glowing silver altar of Zin.
 12837 | D:12     | Received a gift from Okawaru
 13049 | D:12     | Found a staircase to the Orcish Mines.
 13051 | D:12     | Noticed Rupert
 13133 | Lair:1   | Entered Level 1 of the Lair of Beasts
 13181 | Lair:1   | Reached XP level 13. HP: 103/111 MP: 14/16
 14044 | Lair:2   | Reached skill level 10 in Dodging
 14075 | Lair:2   | Received a gift from Okawaru
 14076 | Lair:2   | Reached skill level 10 in Fighting
 14079 | Lair:2   | Reached ****** piety under Okawaru
 14210 | Lair:2   | Acquired the +10 broad axe of the Loving Gods {drain, rPois
                  | rF++ Will- rCorr}
 14210 | Lair:2   | Received a gift from Okawaru
 14376 | Lair:2   | Noticed Sonja
 14389 | Lair:2   | Killed Sonja
 14514 | Lair:2   | Noticed Urug
 14528 | Lair:2   | Killed Urug
 14605 | Lair:2   | Found a staircase to the Snake Pit.
 14631 | Lair:2   | Noticed Amaemon
 14643 | Lair:2   | Killed Amaemon
 14712 | Lair:2   | Reached skill level 16 in Axes
 14971 | Lair:2   | Acquired the +8 orange crystal plate armour {Archmagi,
                  | Int+3 Clar}
 14971 | Lair:2   | Received a gift from Okawaru
 14971 | Lair:2   | Found the +8 orange crystal plate armour {Archmagi, Int+3
                  | Clar}
 15205 | Lair:3   | Received a gift from Okawaru
 15394 | Lair:3   | Identified the +6 scale mail of Udutots {+Blink rElec}
 16181 | Lair:4   | Found a viscous altar of Jiyva.
 16185 | Lair:4   | Found a staircase to the Slime Pits.
 16224 | Lair:4   | Reached skill level 1 in Throwing
 16614 | Lair:4   | Acquired the ring "Qoett" {Fly rElec rCorr Str-2 Dex+2}
 16652 | Lair:5   | Entered Level 5 of the Lair of Beasts
 16764 | Lair:5   | Received a gift from Okawaru
 16904 | Lair:5   | Reached XP level 14. HP: 118/122 MP: 18/18
 16947 | Lair:5   | Received a gift from Okawaru
 16956 | Lair:5   | Reached skill level 17 in Axes
 16970 | Lair:5   | Received a gift from Okawaru
 16978 | Lair:5   | Identified the +0 hat "Earthly Heaven" {rN+ Int+3 Dex+2
                  | SInv}
 18224 | D:13     | Found Dusiapom's Antique Armour Shop.
 18233 | D:13     | Bought a faintly humming cloak for 209 gold pieces
 18233 | D:13     | Identified the +0 cloak of the Turtle {Int+3} (You bought
                  | it in a shop on level 13 of the Dungeon)
 18487 | D:13     | Received a gift from Okawaru
 18727 | D:13     | Found Kubrip's Armour Shop.
 18776 | D:13     | Found Hota's General Store.
 18781 | D:13     | Bought a scroll of identify for 30 gold pieces
 18781 | D:13     | Bought a potion of curing for 45 gold pieces
 18781 | D:13     | Bought a potion of heal wounds for 75 gold pieces
 18781 | D:13     | Bought a scroll of identify for 30 gold pieces
 19392 | D:14     | Found a gate to the Vaults.
 19416 | D:14     | Reached XP level 15. HP: 120/132 MP: 17/20
 19430 | D:14     | Received a gift from Okawaru
 19581 | D:14     | Found a sacrificial altar of Ru.
 19657 | D:15     | Entered Level 15 of the Dungeon
 19679 | D:15     | Found Exid Reh's Weapon Shoppe.
 19683 | D:15     | Noticed Kirke
 19692 | D:15     | Killed Kirke
 19796 | D:15     | Noticed Nessos
 19811 | D:15     | Killed Nessos
 19812 | D:15     | Reached skill level 18 in Axes
 19812 | D:15     | Reached skill level 5 in Throwing
 19882 | D:15     | Received a gift from Okawaru
 20010 | D:15     | Found a staircase to the Depths.
 20010 | D:15     | Noticed a fire giant
 20043 | D:15     | Killed a fire giant
 20080 | D:15     | Identified the +0 leather armour "Fuohaing" {rC++}
 20407 | D:15     | Found Leucit's Antique Armour Boutique.
 20543 | D:15     | Found Ceunk's General Store.
 20544 | D:15     | Found Bysaroett's Specific Store.
 20559 | D:15     | Bought a +2 pair of gloves of dexterity for 322 gold pieces
 20700 | D:15     | Received a gift from Okawaru
 20860 | D:12     | Killed Rupert
 20879 | Orc:1    | Entered Level 1 of the Orcish Mines
 21220 | Orc:2    | Entered Level 2 of the Orcish Mines
 21279 | Orc:2    | Found a runed translucent gate.
 21279 | Orc:2    | Found a runed translucent gate.
 21279 | Orc:2    | Found a runed translucent gate.
 21282 | Orc:2    | Found an opulent altar of Gozag.
 21373 | Orc:2    | Noticed Jeffwins's ghost (journeyman OnMo)
 21581 | Orc:2    | Found a staircase to the Elven Halls.
 21683 | Orc:2    | Received a gift from Okawaru
 21708 | Orc:2    | Reached XP level 16. HP: 130/141 MP: 21/21
 21717 | Orc:2    | Received a gift from Okawaru
 21728 | Orc:2    | Reached skill level 19 in Axes
 21737 | Orc:2    | Found Nutse's Antique Armour Shoppe.
 21737 | Orc:2    | Found Sefiarch's Weapon Boutique.
 21737 | Orc:2    | Found Omiceinie's General Store.
 21737 | Orc:2    | Found Fime's Antique Armour Shoppe.
 21745 | Orc:2    | Bought a potion of might for 60 gold pieces
 21745 | Orc:2    | Bought a scroll of teleportation for 45 gold pieces
 21745 | Orc:2    | Bought a scroll of teleportation for 45 gold pieces
 21745 | Orc:2    | Bought a scroll of teleportation for 45 gold pieces
 21960 | Orc:2    | Killed Jeffwins's ghost
 22382 | Snake:1  | Entered Level 1 of the Snake Pit
 22382 | Snake:1  | Found a transporter.
 22401 | Snake:1  | Found a bloodstained altar of Trog.
 22401 | Snake:1  | Noticed sleeves's ghost (adept BaSu)
 22426 | Snake:1  | Found a transporter.
 22723 | Snake:1  | Found a broken altar of Ashenzari.
 22778 | Snake:1  | Identified the +1 ring mail of Subjectivity {Will+ MP+9
                  | Dex-4 SInv}
 22859 | Snake:1  | Received a gift from Okawaru
 23634 | Snake:2  | Identified the serpent talisman "Otzoetz" {+Blink}
 23634 | Snake:2  | Noticed Aizul
 23645 | Snake:2  | Killed Aizul
 23794 | Snake:2  | Found a gateway to a bazaar.
 23817 | Bazaar   | Entered a bazaar
 23831 | Bazaar   | Found Bostruint's Antique Weapon Shoppe.
 23831 | Bazaar   | Found Xywufeima's Book Emporium.
 23853 | Bazaar   | Found Raaqogg's Antique Armour Shoppe.
 23853 | Bazaar   | Found Dipy's Jewellery Emporium.
 23875 | Bazaar   | Found Jegaw's Antique Armour Shoppe.
 23875 | Bazaar   | Found Qaogyali's Weapon Emporium.
 24093 | Snake:2  | Noticed Asterion
 24108 | Snake:2  | Killed Asterion
 24108 | Snake:2  | Received a gift from Okawaru
 25193 | Snake:3  | Reached skill level 10 in Invocations
 25197 | Snake:3  | Received a gift from Okawaru
 25210 | Snake:3  | Reached skill level 15 in Armour
 25309 | Snake:3  | Found Yluobup's Distillery.
 25312 | Snake:3  | Found Fahamo's Distillery.
 25312 | Snake:3  | Found Sehaefe's Distillery.
 25315 | Snake:3  | Found Roageack's Antique Armour Boutique.
 25338 | Snake:3  | Bought a potion of heal wounds for 90 gold pieces
 25338 | Snake:3  | Bought a potion of heal wounds for 90 gold pieces
 25338 | Snake:3  | Bought a potion of heal wounds for 90 gold pieces
 25338 | Snake:3  | Bought a potion of might for 72 gold pieces
 25341 | Snake:3  | Bought a potion of haste for 190 gold pieces
 25341 | Snake:3  | Bought a potion of curing for 57 gold pieces
 25341 | Snake:3  | Bought a potion of curing for 57 gold pieces
 25341 | Snake:3  | Bought a potion of mutation for 152 gold pieces
 25344 | Snake:3  | Bought a potion of heal wounds for 70 gold pieces
 25344 | Snake:3  | Bought a potion of haste for 140 gold pieces
 25347 | Snake:3  | Bought a pair of slimy boots for 228 gold pieces
 25347 | Snake:3  | Identified the +1 pair of boots of Happy Babbling {-Cast
                  | rF++ Slay+2} (You bought it in a shop on level 3 of the
                  | Snake Pit)
 25434 | Snake:3  | Reached skill level 20 in Axes
 25556 | Snake:3  | Reached XP level 17. HP: 148/151 MP: 23/23
 25563 | Snake:3  | Received a gift from Okawaru
 26223 | Snake:4  | Entered Level 4 of the Snake Pit
 26460 | Snake:4  | Received a gift from Okawaru
 26558 | Snake:4  | Reached skill level 15 in Shields
 26916 | Snake:4  | Received a gift from Okawaru
 27657 | Snake:4  | Received a gift from Okawaru
 27767 | Snake:4  | Reached skill level 21 in Axes
 28140 | Shoals:1 | Entered Level 1 of the Shoals
 28157 | Shoals:1 | Received a gift from Okawaru
 28226 | Shoals:1 | Noticed Mlioglotl
 28235 | Shoals:1 | Killed Mlioglotl
 28236 | Shoals:1 | Reached XP level 18. HP: 112/161 MP: 24/24
 28524 | Shoals:1 | Received a gift from Okawaru
 28525 | Shoals:1 | Reached skill level 15 in Fighting
 28719 | Shoals:1 | Acquired 524 gold pieces
 29161 | Shoals:1 | Found Woh Inue's General Store.
 29165 | Shoals:1 | Bought a scroll of enchant weapon for 112 gold pieces
 29165 | Shoals:1 | Bought a scroll of teleportation for 45 gold pieces
 29165 | Shoals:1 | Bought a potion of cancellation for 120 gold pieces
 30027 | Shoals:3 | Received a gift from Okawaru
 30235 | Shoals:3 | Reached skill level 10 in Throwing
 30505 | Shoals:3 | Reached skill level 22 in Axes
 30815 | Shoals:4 | Entered Level 4 of the Shoals
 31201 | Shoals:4 | Noticed Roxanne
 31234 | Shoals:4 | Received a gift from Okawaru
 31278 | Shoals:4 | Identified the +0 kite shield "Hedu Jep" {Rampage +Inv
                  | Will+}
 31328 | Shoals:4 | Noticed Bai Suzhen
 31479 | Shoals:4 | Killed Bai Suzhen
 31496 | Shoals:4 | Reached XP level 19. HP: 87/172 MP: 25/25
 32258 | Shoals:4 | Killed Roxanne
 32653 | Elf:1    | Entered Level 1 of the Elven Halls
 32798 | Elf:1    | Reached skill level 15 in Dodging
 32821 | Elf:1    | Received a gift from Okawaru
 32884 | Elf:1    | Found a glacial archway.
 32897 | IceCv    | Entered an ice cave
 33323 | IceCv    | Found a viscous altar of Jiyva.
 33330 | IceCv    | Received a gift from Okawaru
 33331 | IceCv    | Reached skill level 23 in Axes
 33408 | IceCv    | Identified the ring of Youthful Indiscretion {Fly rC- Int+3
                  | Dex+3}
 33413 | IceCv    | Identified the amulet of Pieni {Reflect Will+ rCorr SH+5}
 34335 | Elf:2    | Received a gift from Okawaru
 34338 | Elf:2    | Found a huge runed translucent gate.
 34338 | Elf:2    | Found a huge runed translucent gate.
 34338 | Elf:2    | Found a huge runed translucent gate.
 34338 | Elf:2    | Found a huge runed translucent gate.
 34338 | Elf:2    | Found a huge runed translucent gate.
 34338 | Elf:2    | Found a huge runed translucent gate.
 34338 | Elf:2    | Found a huge runed translucent gate.
 34338 | Elf:2    | Found a huge runed translucent gate.
 34338 | Elf:2    | Found a huge runed translucent gate.
 34338 | Elf:2    | Found a huge runed translucent gate.
 34769 | Elf:2    | Found a huge runed translucent gate.
 34769 | Elf:2    | Found a huge runed translucent gate.
 34770 | Elf:2    | Found a huge runed translucent gate.
 34770 | Elf:2    | Found a huge runed translucent gate.
 34771 | Elf:2    | Noticed a hellephant
 34780 | Elf:2    | Found a huge runed translucent gate.
 34780 | Elf:2    | Found a huge runed translucent gate.
 34780 | Elf:2    | Found a huge runed translucent gate.
 34780 | Elf:2    | Found a huge runed translucent gate.
 34781 | Elf:2    | Found a huge runed translucent gate.
 34781 | Elf:2    | Found a huge runed translucent gate.
 34782 | Elf:2    | Found a huge runed translucent gate.
 34782 | Elf:2    | Found a huge runed translucent gate.
 34799 | Elf:2    | Found a huge runed translucent gate.
 34800 | Elf:2    | Found a huge runed translucent gate.
 34801 | Elf:2    | Found a huge runed translucent gate.
 34801 | Elf:2    | Found a huge runed translucent gate.
 34801 | Elf:2    | Found a huge runed translucent gate.
 34801 | Elf:2    | Found a huge runed translucent gate.
 34801 | Elf:2    | Found a huge runed translucent gate.
 34801 | Elf:2    | Found a huge runed translucent gate.
 34801 | Elf:2    | Found a huge runed translucent gate.
 34820 | Elf:2    | Found a huge runed translucent gate.
 34820 | Elf:2    | Found a huge runed translucent gate.
 34820 | Elf:2    | Found a huge runed translucent gate.
 34821 | Elf:2    | Found a huge runed translucent gate.
 34829 | Elf:2    | Found a huge runed translucent gate.
 34858 | Elf:2    | Identified the ring of Curiosity {Fly rElec Will+ Stlth+}
 34896 | Elf:2    | Found a large runed translucent door.
 34896 | Elf:2    | Found a large runed translucent door.
 34925 | Elf:2    | Found a large runed translucent door.
 34925 | Elf:2    | Found a large runed translucent door.
 35363 | Elf:2    | Received a gift from Okawaru
 35473 | Elf:2    | Reached XP level 20. HP: 172/187 MP: 26/26
 35848 | Elf:2    | Received a gift from Okawaru
 35968 | Elf:2    | Identified the +4 spear "Myubu" {freeze, Str+4}
 35983 | Elf:3    | Entered Level 3 of the Elven Halls
 36030 | Elf:3    | Found Qexexkup's Assorted Antiques.
 36083 | Elf:3    | Reached skill level 24 in Axes
 36152 | Elf:3    | Bought a potion of heal wounds for 145 gold pieces
 36152 | Elf:3    | Bought a potion of curing for 87 gold pieces
 36210 | Elf:3    | Found Nuysech's Armour Boutique.
 36227 | Elf:3    | Got Sif Muna's Codex of Frigid Superposition
 36894 | Elf:3    | Received a gift from Okawaru
 36904 | Elf:3    | Identified the +8 spear of the Pyrrhic Victory {flame,
                  | *Corrode Will++ Str+3 Dex+3}
 36935 | Elf:3    | Paralysed by an air elemental for 1 turns
 37321 | Elf:3    | Identified the +1 broad axe "Evourish" {holy, rElec Will-
                  | Str+3}
 37339 | Elf:3    | Received a gift from Okawaru
 37451 | Elf:3    | Identified the +3 plate armour of Distant Shores {SInv}
 37466 | Elf:3    | Identified the +0 pair of gloves of the Enchanted Forest
                  | {Rampage Str+2 Dex+2}
 37480 | Elf:3    | Identified the +2 pair of gloves of Egalitarianism {rF++
                  | rCorr}
 37511 | Elf:3    | Identified the staff "Demonslayer" {rElec rF- Str+3 Int+2
                  | Air Earth}
 37616 | Elf:3    | Acquired 1057 gold pieces
 37815 | Depths:1 | Entered Level 1 of the Depths
 38401 | Depths:1 | Found Huidoly's Armour Boutique.
 38406 | Depths:1 | Found a runed translucent gate.
 38406 | Depths:1 | Found a runed translucent gate.
 38406 | Depths:1 | Found a runed translucent gate.
 38411 | Depths:1 | Noticed Plog's ghost (adept DgCj)
 38435 | Depths:1 | Received a gift from Okawaru
 38581 | Depths:1 | Found a gateway to Hell.
 38759 | Depths:1 | You are sucked into a shaft and drop 1 floor!
 39041 | Depths:2 | Received a gift from Okawaru
 39042 | Depths:2 | Reached XP level 21. HP: 183/200 MP: 27/27
 39043 | Depths:2 | Reached skill level 25 in Axes
 39468 | Depths:1 | Killed Plog's ghost
 39506 | Depths:2 | Found a one-way gate leading to the halls of Pandemonium.
 39724 | Depths:2 | Noticed Boris
 39726 | Depths:2 | Received a gift from Okawaru
 39745 | Depths:2 | Killed Boris
 40145 | Depths:2 | Identified the +1 great sword "Irauvul" {flame, rF++ Str+5}
 40214 | Depths:2 | Identified the +7 battleaxe of Wrath {drain, rElec Str+3
                  | Stlth+}
 40253 | Depths:2 | Identified the staff of Mayhem {^Drain Fly rC+ SInv Earth}
 40484 | Depths:2 | Received a gift from Okawaru
 40878 | Depths:3 | Noticed a caustic shrike
 40878 | Depths:3 | Noticed a caustic shrike
 40878 | Depths:3 | Noticed a caustic shrike
 40879 | Depths:3 | Noticed a caustic shrike
 40884 | Depths:3 | Killed a caustic shrike
 40885 | Depths:3 | Killed a caustic shrike
 40888 | Depths:3 | Killed a caustic shrike
 40890 | Depths:3 | Killed a caustic shrike
 40941 | Depths:3 | Identified the +5 halberd of Descent {holy, Dex+4}
 40988 | Depths:3 | Received a gift from Okawaru
 41119 | Depths:3 | Reached skill level 26 in Axes
 41414 | Depths:3 | Found a one-way gate to the infinite horrors of the Abyss.
 41758 | Depths:4 | Entered Level 4 of the Depths
 41774 | Depths:4 | Noticed a caustic shrike
 41774 | Depths:4 | Noticed a caustic shrike
 41774 | Depths:4 | Noticed a caustic shrike
 41784 | Depths:4 | Killed a caustic shrike
 41786 | Depths:4 | Killed a caustic shrike
 41786 | Depths:4 | Killed a caustic shrike
 41987 | Depths:4 | Reached XP level 22. HP: 213/213 MP: 28/28
 42029 | Depths:4 | Received a gift from Okawaru
 42118 | Depths:4 | Found a bloodstained altar of Trog.
 42119 | Depths:4 | Found an ancient bone altar of Kikubaaqudgha.
 42122 | Depths:4 | Found a one-way gateway to a ziggurat.
 42301 | Depths:4 | Found a gate to the Realm of Zot.
 42381 | Depths:4 | Found an opulent altar of Gozag.
 42623 | Depths:4 | Noticed a caustic shrike
 42632 | Depths:4 | Killed a caustic shrike
 42666 | Depths:4 | Noticed a golden dragon
 42675 | Depths:4 | Killed a golden dragon
 42740 | Depths:4 | Noticed a caustic shrike
 42745 | Depths:4 | Killed a caustic shrike
 42745 | Depths:4 | Received a gift from Okawaru
 42971 | Depths:4 | Noticed a caustic shrike
 42972 | Depths:4 | Noticed a caustic shrike
 42980 | Depths:4 | Killed a caustic shrike
 42981 | Depths:4 | Killed a caustic shrike
 43027 | Depths:4 | Noticed a golden dragon
 43039 | Depths:4 | Killed a golden dragon
 43056 | Depths:4 | Received a gift from Okawaru
 43132 | Depths:4 | Identified the +9 shortbow "Dontax" {antimagic, +Blink rF-
                  | rC+ rN+}
 43165 | Depths:4 | Noticed a juggernaut
 43202 | Depths:4 | Killed a juggernaut
 43310 | Depths:4 | Reached skill level 27 in Axes
 43386 | Depths:4 | Got the Grimoire of Unspeakable Secrets and Compounds
 43646 | Vaults:1 | Entered Level 1 of the Vaults
 43649 | Vaults:1 | Identified the +2 ring mail "Ubriuget" {Fly rElec rC+
                  | Dex-4}
 44158 | Vaults:1 | Reached XP level 23. HP: 222/223 MP: 29/29
 44213 | Vaults:1 | Received a gift from Okawaru
 44636 | Vaults:2 | Received a gift from Okawaru
 45203 | Vaults:2 | Identified the +0 robe "Vipitucw" {Dex+3}
 45275 | Vaults:2 | Received a gift from Okawaru
 45637 | Vaults:3 | Noticed Nikola
 45654 | Vaults:3 | Killed Nikola
 45749 | Vaults:3 | Found a staircase to the Crypt.
 45749 | Vaults:3 | Found a basalt altar of Yredelemnul.
 45749 | Vaults:3 | Found an ancient bone altar of Kikubaaqudgha.
 45954 | Vaults:3 | Received a gift from Okawaru
 45976 | Vaults:3 | Found Daocsiamp's Antique Weapon Shop.
 46441 | Vaults:3 | Found Ogetevul's General Store.
 46770 | Vaults:4 | Received a gift from Okawaru
 46843 | Vaults:4 | Noticed Boris
 46861 | Vaults:4 | Killed Boris
 46862 | Vaults:4 | Reached XP level 24. HP: 219/235 MP: 29/29
 46917 | Vaults:4 | Found a crumbling gateway.
 46968 | Desolati | Entered the Desolation of Salt
 47032 | Desolati | Received a gift from Okawaru
 47274 | Desolati | Found the +0 pair of fencer's gloves {Riposte Dex+3}
 47289 | Desolati | Identified the ring "Qurphi" {Will+ rCorr Int+6 Dex-4}
 47356 | Desolati | Identified the +6 battleaxe of Overwhelming Force {venom,
                  | ^Contam rC+ Int+7 Dex-5}
 47386 | Desolati | Identified the +3 spear of Xobucw {freeze, rPois rF- Str+2
                  | Int+3}
 47386 | Desolati | Identified the +2 robe "Cunisoc" {Dex+3 Stlth+}
 47646 | Desolati | Identified the +2 robe "Ciluliemi" {rF+}
 47647 | Desolati | Identified the +6 dagger "Honoh" {drain, Fly Str+5 Int-3
                  | Stlth+}
 47652 | Desolati | Identified the +1 leather armour "Zuhonwoza" {rPois Int+2}
 47659 | Desolati | Identified the +0 robe "Xunox" {SInv}
 47660 | Desolati | Identified the +0 ring mail of Hangman {rPois rF+++ rCorr
                  | Int-3}
 47662 | Desolati | Identified the +0 leather armour of the Aged Mouths {Int+4}
 47792 | Vaults:4 | Received a gift from Okawaru
 48251 | Vaults:4 | Noticed Mara
 48253 | Vaults:4 | Noticed inmateoo's illusion
 48262 | Vaults:4 | Killed Mara
 48541 | Vaults:4 | Received a gift from Okawaru
 48868 | Vaults:5 | Entered Level 5 of the Vaults
 48870 | Vaults:5 | Noticed an ancient lich
 48885 | Vaults:5 | Noticed an ancient lich
 48891 | Vaults:5 | Killed an ancient lich
 48902 | Vaults:5 | Killed an ancient lich
 48902 | Vaults:5 | Received a gift from Okawaru
 48911 | Vaults:5 | Identified the +9 quarterstaff "Pepos" {freeze, *Rage rN++
                  | Str+4}
 48916 | Vaults:5 | Noticed a dread lich
 48920 | Vaults:5 | Identified the +1 war axe of Capital Punishment {flame,
                  | Will++ Str+4}
 48924 | Vaults:5 | Reached XP level 25. HP: 162/242 MP: 26/29
 49076 | Vaults:5 | Killed a dread lich
 49367 | Vaults:5 | Got a silver rune of Zot
 49431 | Vaults:5 | Received a gift from Okawaru
 49491 | Vaults:5 | Reached skill level 15 in Throwing
 49497 | Vaults:5 | Acquired 990 gold pieces
 49638 | Vaults:5 | Noticed an ancient lich
 49646 | Vaults:5 | Killed an ancient lich
 49880 | Vaults:5 | Identified the +0 ring mail of Weirdness {Int+3}
 50008 | Vaults:5 | Identified the +6 quarterstaff "Raotyib" {antimagic, *Slow
                  | +Blink rC+++}
 50100 | Vaults:5 | Received a gift from Okawaru
 50889 | Snake:4  | Got a serpentine rune of Zot
 51160 | Shoals:4 | Got a barnacled rune of Zot
 51445 | Crypt:1  | Entered Level 1 of the Crypt
 53058 | Zot:1    | Entered Level 1 of the Realm of Zot
 53382 | Zot:1    | Received a gift from Okawaru
 54113 | Zot:2    | Noticed a Killer Klown
 54126 | Zot:2    | Killed a Killer Klown
 54691 | Zot:2    | Reached XP level 26. HP: 240/258 MP: 29/29
 54771 | Zot:2    | Received a gift from Okawaru
 54994 | Zot:2    | Noticed an orb of fire
 54996 | Zot:2    | Gained mutation: You are weak. (Str -2) [an orb of fire]
 55012 | Zot:2    | Killed an orb of fire
 55022 | Zot:2    | Lost mutation: You are weak. (Str -2) [potion of mutation]
 55022 | Zot:2    | Gained mutation: You are occasionally teleported next to
                  | monsters. [potion of mutation]
 55022 | Zot:2    | Gained mutation: You are weak. (Str -2) [potion of
                  | mutation]
 55022 | Zot:2    | Gained mutation: You have supernaturally acute eyesight.
                  | (SInv) [potion of mutation]
 55023 | Zot:2    | Lost mutation: You have supernaturally acute eyesight.
                  | (SInv) [potion of mutation]
 55023 | Zot:2    | Lost mutation: You are occasionally teleported next to
                  | monsters. [potion of mutation]
 55023 | Zot:2    | Lost mutation: You are weak. (Str -2) [potion of mutation]
 55023 | Zot:2    | Gained mutation: You are weak. (Str -2) [potion of
                  | mutation]
 55023 | Zot:2    | Gained mutation: You are robust. (+10% HP) [potion of
                  | mutation]
 55822 | Zot:3    | Received a gift from Okawaru
 56741 | Zot:4    | Received a gift from Okawaru
 57017 | Zot:4    | Noticed an orb of fire
 57033 | Zot:4    | Killed an orb of fire
 57726 | Zot:4    | Received a gift from Okawaru
 57770 | Zot:4    | Slain by a goliath frog

Illustrated notes

Levels and vault maps discovered:
D:1:      dpeg_arrival_rooms_a, layout_basic, minmay_strange_pillars
D:2:      layout_loops_ring, basic_altar, grunt_ministairs_8
D:3:      layout_loops_ring, lemuel_doored_altar, uniq_jessica
D:4:      layout_loops_corners, lemuel_mausoleum_altar_yredelemnul,
          serial_shops, shop, minmay_pentomino_pile, uniq_natasha
D:5:      layout_gridville, mainiacjoe_overflow_boulevard, grunt_ministairs_5,
          serial_library_hellmonk_filled_rooms
D:6:      layout_basic, nicolae_qazlal_general_emergency, grunt_decor_clamped
D:7:      layout_loops_ring, mainiacjoe_overflow_paths,
          minmay_temple_entry_from_below_b, enter_bailey_2
D:8:      layout_rooms, mainiacjoe_overflow_alcove_4, cheibrodos_worm_habitat,
          uniq_joseph, uniq_erica
D:9:      minmay_polygon_palace, layout_irregular_city, serial_shops, shop
D:10:     layout_loops_cross, mainiacjoe_overflow_concentric_impassable,
          mainiacjoe_overflow_catch_the_wave, gammafunk_ghost_icy,
          minmay_crystal_water, hangedman_ranch, uniq_maggie, uniq_erolcha
D:11:     layout_irregular_city, david_lair_shrubbed, gauntlet_entry_generic,
          tso_altar
D:12:     layout_cave_pools, david_orc_3, serial_demonic, serial_demonic_b,
          serial_demonic_g, serial_demonic_g, serial_demonic_e, hex_large,
          zin_statuary, uniq_rupert
D:13:     layout_loops_corners, serial_shops, shop, shop,
          nicolae_shop_tiny_real_fake_doors, minmay_misc_feat_cross,
          hangedman_decor_points
D:14:     layout_cross, erik_vaults_2, nicolae_ru_awakened_eye,
          nicolae_hexahallways
D:15:     grunt_enter_depths_giant_problem, layout_loops_ring,
          hangedman_decor_peaks_small, serial_shops, nicolae_lakefront_shop,
          shop, nicolae_specific_store, minmay_joined_circles, uniq_nessos,
          uniq_kirke
Temple:   nicolae_temple_slightly_damp_pantheon
Lair:1:   layout_regular_city
Lair:2:   layout_misc_corridors, nicolae_shoals_entry_flooding,
          guppyfry_snake_entry_garden, hangedman_lair_unloving_vines,
          nicolae_lair_lil_pond, uniq_urug, uniq_sonja, uniq_amaemon
Lair:3:   layout_cave_pods
Lair:4:   layout_hall_layers, slime_entry_2, amcnicky_mini_pool_medium
Lair:5:   hangedman_lair_tendril_chambers, layout_hall_layers,
          guppyfry_lair_end_dragon
Shoals:1: cheibrodos_shoals_three_sisters, layout_shoals, serial_shops,
          nicolae_shop_back_alley_shop, nicolae_shoals_shepherds, uniq_mlioglotl
Shoals:2: layout_shoals
Shoals:3: layout_shoals, nicolae_shoals_spring_well_temple
Shoals:4: shoals_end_grunt_garden, layout_shoals, uniq_roxanne, uniq_bai_suzhen
Snake:1:  layout_chambers, basic_altar, gammafunk_ghost_wrathful_warriors,
          nrook_guardian_serpent_ordinary
Snake:2:  layout_layer_cave, serial_shops, bzr_entry_gold, grunt_megastairs_2,
          serial_bayou_shore_b, uniq_aizul, uniq_asterion
Snake:3:  nicolae_snake_hallway, layout_honeycomb, minmay_shoptagon,
          lemuel_fruit_tree
Snake:4:  snake_pit_salamanders_mu, layout_cave_town
Orc:1:    layout_caves, special_room [special_room_orc], lemuel_statue_altar
Orc:2:    st_orc_ogre_mass, layout_diamond_mine, basic_altar,
          ebering_ghost_gozag, nicolae_orc_hostile_takeover
Elf:1:    nicolae_elf_arrival_fired_up, layout_loops_corners,
          portal_ice_cave_entry_dragon, hangedman_elf_disciples
Elf:2:    elven_hall_of_blades_hangedman_alternative
          [nicolae_blade_entry_splitting_headache], layout_geoelf_grid,
          not_door_vault_due
Elf:3:    elf_hall, layout_loops_corners, serial_shops,
          nicolae_shop_tiny_statue_garden, shop
Vaults:1: hangedman_vaults_corner_blocks, hangedman_vaults_slither,
          nicolae_vaults_little_ls, nicolae_vaults_sesquioval_fish,
          nicolae_vaults_shipping_containers_4, nicolae_vaults_specimen_jars,
          layout_vaults_omnicross
Vaults:2: hangedman_vaults_river_flow, nicolae_vaults_windows_and_doors_thing,
          hangedman_vaults_hat, nicolae_vaults_cochlea, v_alt_pattern_5,
          nooodl_orcs_dogs, nicolae_vaults_ring_of_whatevers,
          nicolae_vaults_closet_pinwheel_2, vaults_room_stairs_pillars,
          nicolae_vaults_closet_pinwheel_5, layout_vaults_ring
Vaults:3: minmay_crypt_entry_necro_gods, v_misc_26,
          nicolae_vaults_surprise_closet, nicolae_vaults_more_shelving_1,
          layout_vaults_omnigrid, serial_shops, nicolae_shop_just_a_little_nook,
          nicolae_shop_rolling_square, uniq_nikola
Vaults:4: portal_desolation_entry_twin_temple,
          nicolae_vaults_trapezoid_lopsided_3, v_alt_pattern_2,
          nicolae_vaults_ninety_degrees, v_pattern_5, vaults_mumra_minichess,
          nicolae_vaults_network_barrier, nicolae_vaults_surprise_closet,
          nicolae_vaults_little_squares_6, layout_vaults_chaotic_city, uniq_mara
Vaults:5
Crypt:1:  layout_basic, minmay_misc_feat_alley, uniq_margery
Depths:1: layout_basic, serial_corexii_hall, corexii_hall_statues_x,
          chequers_hall_statues_y, ebering_ghost_rock_garden,
          grunt_hell_entry_dis_grunt, serial_shops, shop,
          roderic_nine_men_s_morris, nrook_kobold_shadow_demons
Depths:2: minmay_the_grid_square_5x5_3x3 [minmay_the_grid_square_5x5_z,
          minmay_the_grid_square_5x5_inverted_slash,
          minmay_the_grid_square_5x5_gyroscope,
          minmay_the_grid_square_5x5_fat_x,
          minmay_the_grid_square_5x5_megaprize_diamond,
          minmay_the_grid_square_5x5_longway, minmay_the_grid_square_5x5_comb,
          minmay_the_grid_square_5x5_inner_z,
          minmay_the_grid_square_5x5_two_small], layout_gridville, pan_entry,
          grunt_metal_band, chequers_serial_rivers_marsh, skrybe_limestone_x,
          hangedman_corner_corridor, minmay_staircase_bubble, uniq_boris
Depths:3: grunt_twist_and_shout, layout_basic, abyss_entry_small_statue_room,
          infiniplex_staircase_pillars_1, hell_entry, rand_demon_pan_entry_7
Depths:4: hangedman_slaughterboxes, serial_shops, hell_entry
Zot:1:    layout_gridlike
Zot:2:    layout_cathedral_of_symmetry, grunt_megastairs_1
Zot:3:    layout_basic
Zot:4:    regret_index_all_hallows'_manor, layout_misc_corridors,
          grunt_megastairs_3

Skill      XL: |  1  2  3  4  5  6  7  8  9 10 11 12 13 14 15 16 17 18 19 20 21 22 23 24 25 26 |
---------------+-------------------------------------------------------------------------------+-----
Axes           | 3 4 5 6 8 10 12 13 15 16 17 18 20 21 22 23 24 26 27 | 27.0
Dodging        | 1 2 3 5 6 7 8 9 10 11 12 13 14 15 16 17 18 19 20 21 22 | 22.2
Fighting       | 4 5 6 8 9 10 11 12 13 14 16 18 19 21 22 23 24 25 | 25.9
Armour         | 4 5 6 8 9 10 11 12 13 14 15 16 17 18 19 20 21 22 23 24 | 24.4
Shields        | 4 5 6 8 9 10 11 12 13 14 15 16 17 18 19 20 21 22 23 24 | 24.2
Invocations    | 2 4 5 7 8 9 10 | 10.0
Throwing       | 2 4 6 7 9 10 11 13 14 15 16 | 16.8

Action                     |  1- 3 |  4- 6 |  7- 9 | 10-12 | 13-15 | 16-18 | 19-21 | 22-24 | 25-27 || total
---------------------------+-------+-------+-------+-------+-------+-------+-------+-------+-------++-------
  Melee: War axe           |    87 |    72 |   166 |       |       |       |       |       |       ||   325
         Headbutt          |     6 |    13 |    63 |   153 |   224 |   341 |   410 |   443 |   378 ||  2031
         Hand axe          |       |       |   144 |   414 |       |       |       |       |       ||   558
         Scimitar          |       |       |       |     4 |       |       |       |       |       ||     4
         Mace              |       |       |       |   243 |   159 |       |       |       |       ||   402
         Broad axe         |       |       |       |       |   751 |  1282 |  1383 |  1362 |  1048 ||  5826
  Throw: Throwing net      |       |       |       |     2 |       |       |       |       |       ||     2
         Javelin           |       |       |       |       |       |     3 |     8 |       |       ||    11
 Invoke: Heroism           |       |       |       |     4 |     4 |     1 |       |     1 |     3 ||    13
         Receive Weapon    |       |       |       |       |     1 |       |       |       |       ||     1
         Receive Armour    |       |       |       |       |     1 |       |       |       |       ||     1
         Finesse           |       |       |       |       |       |       |       |     1 |     1 ||     2
  Evoke: Wand              |       |     2 |       |     3 |     4 |       |     3 |       |       ||    12
    Use: Scroll            |     9 |       |     5 |     9 |    16 |     5 |     7 |     4 |    10 ||    65
         Potion            |       |       |     6 |     4 |       |       |       |     2 |     8 ||    20
   Stab: Paralysed         |       |     2 |       |       |     2 |       |       |       |       ||     4
         Invisible         |       |       |     3 |       |       |       |       |       |       ||     3
         Held in net/web   |       |       |       |     1 |       |       |       |       |       ||     1
 Armour: Scale mail        |    50 |    51 |   201 |       |       |       |       |       |       ||   302
         Plate armour      |       |       |    54 |    37 |       |       |       |       |       ||    91
         Crystal plate arm |       |       |       |   382 |   519 |   834 |   553 |   488 |   511 ||  3287
  Dodge: Dodged            |    39 |    19 |   194 |   252 |   340 |   353 |   252 |   249 |   276 ||  1974
  Block: Buckler           |    22 |    14 |   121 |   211 |   156 |       |       |       |       ||   524
         Reflection        |       |       |     4 |     6 |     2 |       |   123 |   124 |    33 ||   292
         Tower shield      |       |       |       |       |   454 |  1551 |  1392 |  1598 |  1264 ||  6259
